 Dungeon Crawl Stone Soup version 0.17-a0-737-gf0a300a (console) character file.

129 Garrluk the Slasher (level 5, 0/41 HPs)
             Began as a Formicid Fighter on Apr 25, 2015.
             Succumbed to an adder's poison
             ... on level 3 of the Dungeon.
             The game lasted 00:05:48 (1976 turns).

Garrluk the Slasher (Formicid Fighter)              Turns: 1976, Time: 00:05:48

Health: 0/41       AC:  6    Str: 20      XL:     5   Next: 35%
Magic:  5/5        EV:  7    Int:  8 (9)  God:
Gold:   89         SH:  9    Dex: 10      Spells: 0 memorised, 4 levels left

rFire  . . .     SeeInvis +     a - +0 long sword
rCold  . . .     Clarity  .     b - +0 scale mail
rNeg   . . .     SustAb   .     c - +0 shield
rPois  .         Gourm    .     (helmet unavailable)
rElec  .         Spirit   .     (no cloak)
rCorr  .         Warding  .     (no gloves)
rMut   .         Stasis   +     (no boots)
MR     .....                    (no amulet)
Stlth  ..........               (no ring)
                                q - ring of teleportation (curse)

@: lethally poisoned (0 -> -12), not resistant to hostile enchantments,
extremely unstealthy
A: permanent stasis, dig shafts and tunnels, four strong arms, antennae 3
a: Dig, Shaft Self, Evoke Teleportation


You were on level 3 of the Dungeon.
You were hungry.

You visited 1 branch of the dungeon, and saw 3 of its levels.

You collected 89 gold pieces.

Notes
Turn   | Place    | Note
--------------------------------------------------------------
     0 | D:1      | Garrluk, the Formicid Fighter, began the quest for the Orb.
     0 | D:1      | Reached XP level 1. HP: 18/18 MP: 1/1
    76 | D:1      | Reached XP level 2. HP: 20/24 MP: 2/2
   606 | D:1      | Reached XP level 3. HP: 29/29 MP: 3/3
  1016 | D:1      | Reached XP level 4. HP: 35/35 MP: 4/4
  1072 | D:1      | Reached skill level 4 in Long Blades
  1207 | D:2      | Noticed Terence
  1216 | D:2      | Killed Terence
  1767 | D:3      | Reached XP level 5. HP: 36/41 MP: 5/5
  1829 | D:3      | Reached skill level 5 in Long Blades
  1974 | D:3      | HP: 2/41 [poisoned by an adder]
  1976 | D:3      | Succumbed to an adder's poison

Inventory:

Hand weapons
 a - a +0 long sword (weapon)
Missiles
 i - 53 stones (quivered)
 m - 11 poisoned needles
Armour
 b - a +0 scale mail (worn)
 c - a +0 shield (worn)
Jewellery
 q - a cursed ring of teleportation (left hand)
   (You took it off a kobold on level 1 of the Dungeon)
Magical devices
 d - a wand of fireball (10)
   (You took it off Terence on level 2 of the Dungeon)
 v - a wand of magic darts (33)
   (You found it on level 3 of the Dungeon)
Scrolls
 h - a scroll of enchant armour {unknown}
 j - 3 scrolls of amnesia {unknown}
 k - 2 scrolls of identify {unknown}
 n - a scroll of remove curse {unknown}
 u - a scroll of magic mapping {unknown}
Potions
 s - a potion of restore abilities {unknown}
 t - a potion of resistance {unknown}
Comestibles
 e - a bread ration
 g - a slice of pizza
 l - a meat ration
 o - 10 chunks of flesh
 p - a beef jerky

Table legend:
 A = Turns spent in this place as a percentage of turns spent in the entire game.
 B = Non-inter-level travel turns spent in this place as a percentage of non-inter-level travel turns spent in the entire game.
 C = Inter-level travel turns spent in this place as a percentage of turns spent in this place.
 D = Turns resting spent in this place as a percentage of non-inter-level travel turns spent in this place.
 E = Turns spent auto-exploring this place as a percentage of non-inter-level travel turns spent in this place.
 F = Non-inter-level travel turns spent in this place divided by the number of levels of this place that you've seen.
                   A       B       C       D       E      F
               +-------+-------+-------+-------+-------+----------------------
         Total | 100.0 | 100.0 |   0.4 |   0.8 |   7.6 | 255.7
       Dungeon | 100.0 | 100.0 |   0.4 |   0.8 |   7.6 | 255.7
               +-------+-------+-------+-------+-------+----------------------


   Skills:
 - Level 3.2 Fighting
 * Level 5.1 Long Blades
 - Level 3.2 Armour
 - Level 3.6 Shields


You had 4 spell levels left.
You didn't know any spells.

Dungeon Overview and Level Annotations

Branches:
Dungeon (3/15)

Altars:


Innate Abilities, Weirdness & Mutations

You are under a permanent stasis effect.
You can dig through walls and to a lower floor.
Your four strong arms can wield two-handed weapons with a shield.
You have a pair of large antennae on your head (SInv).


Message History

You are more poisoned.
The adder poisons you! The adder bites you.
* * * LOW HITPOINT WARNING * * *
You closely miss the adder.
The adder is moderately wounded.
* * * LOW HITPOINT WARNING * * *
You feel sick. The adder bites you but does no damage.
The adder barely misses you.
* * * LOW HITPOINT WARNING * * *
You feel sick.
Things that are here:
a club; a hobgoblin corpse; a goblin corpse Drink which item? (? for menu, Esc to quit)
It was a potion of haste.
Your stasis keeps you stable.
* * * LOW HITPOINT WARNING * * *
You feel sick. The adder barely misses you.
Drink which item? (? for menu, Esc to quit)
It was a potion of degeneration.
There was something very wrong with that liquid.
You feel dopey.
You die...

#......#.# #.# #.........#
.........###.# #.#.......#
#.##.###.#...###.#.......#
#.##.....#...'...+.......'.
.........#...###.#.......##
#.##.....#...###.##........
#.....#..................
#.....'................#
##....#................#
#....#...####S#'#####.#
######...###@#.[..#
#...##รท##....#
#...###.#{...# #...#
###....# #...# .....# #####
#h...# .... .


You could see an adder.

Table legend:
 A = Kills in this place as a percentage of kills in entire the game.
 B = Kills by you in this place as a percentage of kills by you in the entire game.
 C = Kills by friends in this place as a percentage of kills by friends in the entire game.
 D = Other kills in this place as a percentage of other kills in the entire game.
 E = Experience gained in this place as a percentage of experience gained in the entire game.
 F = Experience gained in this place divided by the number of levels of this place that you have seen.
                   A       B       C       D       E      F
               +-------+-------+-------+-------+-------+----------------------
         Total | 100.0 | 100.0 |  -nan |  -nan | 100.0 |  61.7
       Dungeon | 100.0 | 100.0 |  -nan |  -nan | 100.0 |  61.7
               +-------+-------+-------+-------+-------+----------------------

Vanquished Creatures
  Monster Symbol All '@' Terence (D:2)
1 creature vanquished. All 'J' 3 oozes
3 creatures vanquished. All 'K' 8 kobolds
8 creatures vanquished. All 'S' 2 adders (D:3)
2 creatures vanquished. All 'b' 6 bats (D:1)
6 creatures vanquished. All 'g' 5 goblins 9 hobgoblins
14 creatures vanquished. All 'h' 8 jackals
8 creatures vanquished. All 'l' 3 giant geckos 3 giant newts
6 creatures vanquished. All 'o' 2 orcs
2 creatures vanquished. All 'r' 9 rats
9 creatures vanquished. All 's' 5 giant cockroaches
5 creatures vanquished.
64 creatures vanquished. Monster Nature Uniques Terence (D:2)
1 creature vanquished. Natural Monsters 2 adders (D:3) 3 oozes 3 giant geckos 2 orcs 5 giant cockroaches 5 goblins 9 hobgoblins 8 jackals 8 kobolds 6 bats (D:1) 3 giant newts 9 rats
63 creatures vanquished.
64 creatures vanquished. Ascending Order Terence (D:2) 2 adders (D:3) 2 orcs 3 oozes 3 giant geckos 3 giant newts 5 goblins 5 giant cockroaches 6 bats (D:1) 8 jackals 8 kobolds 9 hobgoblins 9 rats
64 creatures vanquished.

Action                   |  1- 3 |  4- 6 || total
-------------------------+-------+-------++-------
Melee: Long sword        |   127 |   118 ||   245
 Abil: Dig               |     3 |     4 ||     7
  Use: Potion            |       |     3 ||     3
  Eat: Chunk             |     1 |     3 ||     4
